 Dungeon Crawl Stone Soup version 0.28-a0-773-g130ae17fe5 (webtiles) character file.

Game seed: 13009645537144318122

2874 bande the Cleaver (level 9, -3/56 HPs)
             Began as a Gargoyle Fighter on Nov 2, 2021.
             Was an Initiate of Okawaru.
             Slain by a two-headed ogre (21 damage)
             ... on level 6 of the Dungeon.
             The game lasted 00:18:43 (7338 turns).

bande the Cleaver (Gargoyle Fighter)                Turns: 7338, Time: 00:18:44

Health: -3/56      AC: 20    Str: 20    XL:     9   Next: 76%
Magic:  9/9        EV:  9    Int: 10    God:    Okawaru [......]
Gold:   354        SH:  5    Dex: 11    Spells: 8/8 levels left

rFire   . . .      SeeInvis +   a - +0 war axe
rCold   . . .      Faith    .   c - +0 buckler
rNeg    + . .      Spirit   .   b - +0 scale mail
rPois   ∞          Reflect  .   n - +0 helmet
rElec   +          Harm     .   (no cloak)
rCorr   .          Rampage  .   s - +0 pair of gloves
Will    .....                   (no boots)
Stlth   ..........              i - amulet of regeneration
HPRegen 1.18/turn               f - ring of see invisible
MPRegen 0.11/turn               q - +4 ring of protection

@: no status effects
A: sickness immunity, AC +6, negative energy resistance 1, electricity
resistance, torment resistance 1, petrification resistance
a: Renounce Religion


You were on level 6 of the Dungeon.
You worshipped Okawaru.
Okawaru was noncommittal.
You visited 2 branches of the dungeon, and saw 8 of its levels.

You collected 367 gold pieces.
You spent 13 gold pieces at shops.

Inventory:

Hand Weapons
 a - a +0 war axe (weapon)
 d - a +0 war axe
Missiles
 r - a throwing net (quivered)
Armour
 b - a +0 scale mail (worn)
 c - a +0 buckler (worn)
 n - a +0 helmet (worn)
 s - a +0 pair of gloves (worn)
Jewellery
 f - a ring of see invisible (left hand)
 i - an amulet of regeneration (around neck)
 q - a +4 ring of protection (right hand)
 u - an amulet of magic regeneration
Wands
 l - a wand of mindburst (20)
Scrolls
 g - 2 scrolls of magic mapping
 m - a scroll of fear
 o - a scroll of fog
 p - a scroll of teleportation
Potions
 e - a potion of haste
 h - a potion of heal wounds {unknown}
 k - 3 potions of curing
 v - a potion of magic {unknown}


   Skills:
 + Level 6.4 Fighting
 + Level 8.9 Axes
 + Level 6.9 Armour
 + Level 5.6 Shields
 * Level 1.1 Invocations
 * Level 2.1 Evocations


You had 8 spell levels left.
You didn't know any spells.
Your spell library contained the following spells:

 Spells                   Type           Power      Damage    Failure   Level
 Sandblast                Erth           0%         2d4       67%         1
 Shock                    Conj/Air       0%         1d3       67%         1
 Ensorcelled Hibernation  Hex/Ice        0%         N/A       82%         2
 Passwall                 Tmut/Erth      0%         N/A       82%         2
 Spider Form              Tmut/Pois      0%         N/A       96%         3
 Stone Arrow              Conj/Erth      0%         3d7       96%         3
 Swiftness                Air            0%         N/A       96%         3
 Airstrike                Air            0%         N/A       100%        4
 Tukima's Dance           Hex            Unusable   N/A       N/A         3

Dungeon Overview and Level Annotations

Branches:
Dungeon (7/15)             Temple (1/1) D:4

Altars:
Ashenzari
Cheibriados
Elyvilon
Gozag
Kikubaaqudgha
Makhleb
Okawaru
Vehumet
Xom
The Shining One

Shops:
D:1 !   D:4 !   D:6 !**


Innate Abilities, Weirdness & Mutations

You are immune to sickness and miasma.
Your stone body is resilient. (AC +6)
You are immune to poison.
You resist negative energy. (rN+)
You are resistant to electric shocks. (rElec)
You are resistant to unholy torment.
You are immune to petrification.


Message History

Okawaru accepts your kill.
Your Invocations skill increases to level 1!
You start resting.
HP restored.
You start waiting.
You feel yourself speed up.
There is a stone staircase leading down here.
You climb downwards.
The two-headed ogre barely misses you.
The two-headed ogre hits you with a +0 giant club. x2
The two-headed ogre completely misses you.
There is a stone staircase leading up here.
Unknown command.
You block the gnoll sergeant's attack.
You climb upwards.
There is a stone staircase leading down here.
You barely miss the two-headed ogre.
The two-headed ogre hits you but does no damage.
The two-headed ogre barely misses you.
You hit the two-headed ogre.
The two-headed ogre is lightly wounded.
The two-headed ogre hits you with a +0 giant club!
The two-headed ogre completely misses you.
You barely miss the two-headed ogre.
The two-headed ogre is lightly wounded.
The two-headed ogre hits you but does no damage.
The two-headed ogre closely misses you.
You slash the two-headed ogre!
The two-headed ogre is moderately wounded.
The two-headed ogre hits you with a +0 giant club!
The two-headed ogre closely misses you.
You hit the two-headed ogre.
The two-headed ogre is moderately wounded.
You hit the two-headed ogre.
The two-headed ogre is moderately wounded.
The two-headed ogre hits you with a +0 giant club!
The two-headed ogre barely misses you.
You hit the two-headed ogre.
The two-headed ogre is moderately wounded.
The two-headed ogre hits you with a +0 giant club!!
You die...

#..##....####
##...#....##.##
##....#.........
#(........#.....
###..#.#..#...#.
##..........##.
#......#....#..
####...........#..
#@.#.............#
#.O.........>....#
#....(.......#.###
#.....###..###....
##....##...# #....
##........####...
###........##...
#.............
#.........#...


You could see a two-headed ogre.

Vanquished Creatures
  2 centaur zombies
  Maggie (D:6)
  A wraith (D:6)
  3 yaks (D:7)
  A water moccasin (D:6)
  A black bear (D:5)
  2 sky beasts
  3 ogres
  A phantom (D:5)
  2 bullfrogs
  A kobold brigand (D:7)
  A wyvern zombie (D:4)
  A water moccasin zombie (D:5)
  A scorpion (D:6)
  A wyvern skeleton (D:6)
  A howler monkey (D:5)
  4 hounds
  2 jellies
  4 iguanas
  An orc priest (D:4)
  An orc wizard (D:6)
  A hound skeleton (D:4)
  2 howler monkey zombies
  Robin (D:4)
  3 adders
  2 ufetubi
  3 dart slugs
  6 orcs
  6 ball pythons
  4 bats
  11 endoplasms
  4 giant cockroaches
  10 goblins
  8 hobgoblins
  3 jackals (D:1)
  7 kobolds
  2 quokkas
  3 frilled lizards
  6 rats
117 creatures vanquished.

Notes
Turn   | Place    | Note
-------+----------+-------------------------------------------
     0 | D:1      | bande the Gargoyle Fighter began the quest for the Orb.
     0 | D:1      | Reached XP level 1. HP: 14/14 MP: 1/1
    85 | D:1      | Found a faded altar of an unknown god.
   118 | D:1      | Reached skill level 2 in Axes
   118 | D:1      | Reached XP level 2. HP: 16/19 MP: 2/2
   842 | D:1      | Reached XP level 3. HP: 22/24 MP: 3/3
  1169 | D:1      | Found Isacat's Distillery.
  1422 | D:2      | You fall into a shaft and drop 2 floors!
  1427 | D:4      | Found a burning altar of Makhleb.
  1814 | D:4      | Noticed Robin
  1829 | D:3      | HP: 1/24 [goblin[Robin] (3)]
  1938 | D:3      | Reached XP level 4. HP: 11/29 MP: 4/4
  2294 | D:2      | Reached skill level 3 in Axes
  3502 | D:3      | You fall into a shaft and drop 3 floors!
  3513 | D:6      | Noticed a yak
  3514 | D:6      | Noticed a yak
  3514 | D:6      | Noticed a water moccasin
  3522 | D:6      | Noticed a yak
  3525 | D:7      | Noticed a centaur warrior zombie
  3555 | D:7      | Killed a centaur warrior zombie
  3556 | D:7      | Reached skill level 4 in Axes
  3556 | D:7      | Reached XP level 5. HP: 33/34 MP: 5/5
  3556 | D:7      | Reached XP level 6. HP: 38/39 MP: 6/6
  3597 | D:7      | Reached skill level 5 in Axes
  3597 | D:7      | Reached skill level 5 in Armour
  3597 | D:7      | Reached XP level 7. HP: 44/44 MP: 7/7
  3629 | D:7      | Killed a yak
  3633 | D:7      | Killed a yak
  3690 | D:7      | Killed a yak
  3691 | D:7      | Reached skill level 5 in Fighting
  3691 | D:7      | Reached skill level 6 in Axes
  3691 | D:7      | Reached XP level 8. HP: 21/49 MP: 8/8
  3980 | D:6      | Found Yjanuckue's Assorted Antiques.
  3986 | D:6      | Noticed Maggie
  4001 | D:6      | Killed Maggie
  4002 | D:6      | Reached skill level 7 in Axes
  4002 | D:6      | Reached skill level 5 in Shields
  4023 | D:6      | Found Pefri's Distillery.
  4031 | D:6      | Bought a potion of degeneration for 13 gold pieces
  4132 | D:6      | Reached XP level 9. HP: 55/55 MP: 9/9
  4149 | D:5      | Entered Level 5 of the Dungeon
  4182 | D:5      | Reached skill level 8 in Axes
  4312 | D:4      | Killed Robin
  4411 | D:5      | Found a broken altar of Ashenzari.
  4502 | D:5      | Found a glowing golden altar of the Shining One.
  4600 | D:5      | Reached skill level 1 in Evocations
  5017 | D:4      | Found a white marble altar of Elyvilon.
  6038 | D:4      | You fall into a shaft and drop 3 floors!
  6178 | D:4      | Found Soqi's Distillery.
  6358 | D:4      | Found a staircase to the Ecumenical Temple.
  6525 | Temple   | Entered the Ecumenical Temple
  6590 | Temple   | Became a worshipper of Warmaster Okawaru
  7026 | D:6      | Found Ekhlircha's Assorted Antiques.
  7220 | D:7      | Noticed a two-headed ogre
  7302 | D:6      | Reached skill level 1 in Invocations
  7338 | D:6      | Slain by a two-headed ogre

Illustrated notes

Levels and vault maps discovered:
D:1:      dpeg_arrival_stone_temple_mockup, layout_basic, serial_shops,
          shop_statue, shapermc_ecumenical_altar_acropolis
D:2:      layout_basic
D:3:      layout_basic
D:4:      layout_rooms, lightli_temple_of_fire, mainiacjoe_overflow_alcove_4,
          minmay_temple_entry_proselytizer, serial_shops, kennysheep_mini,
          dk_noncrumbling_3, uniq_robin
D:5:      layout_rooms, amcnicky_altar_gilded, tso_altar, hangedman_decor_lopped
D:6:      layout_cave_pools, serial_shops, nicolae_shop_crystal,
          nicolae_shop_crystal, nicolae_shop_stone, uniq_maggie
D:7:      minmay_clustersquares, layout_rooms, tgw_fedhas
Temple:   dpeg_chambers_temple

Skill      XL: |  1  2  3  4  5  6  7  8  9 |
---------------+----------------------------+-----
Axes           | 2 4 5 6 7 8 |  8.9
Fighting       | 4 5 6 |  6.4
Armour         | 4 5 6 |  6.9
Shields        | 4 5 |  5.6
Evocations     | 2 |  2.1
Invocations    | 1 |  1.1

Action                   |  1- 3 |  4- 6 |  7- 9 || total
-------------------------+-------+-------+-------++-------
Melee: War axe           |   118 |    82 |   308 ||   508
  Use: Scroll            |     3 |     2 |     8 ||    13
       Potion            |     1 |       |     2 ||     3
Armor: Scale mail        |    72 |    79 |   199 ||   350
Dodge: Dodged            |    63 |    47 |   154 ||   264
Block: Buckler           |    27 |    27 |    71 ||   125

Table legend: (Time is in decaauts)
 A = Elapsed time spent in this place.
 B = Non-inter-level travel time spent in this place.
 C = Inter-level travel time spent in this place.
 D = Time resting spent in this place.
 E = Time spent auto-exploring this place.
 F = Levels seen in this place.
 G = Mean time per level.
                   A        B        C        D        E       F      G
               +--------+--------+--------+--------+--------+-----+--------+
         Total |   7506 |   6616 |    890 |   1243 |   3424 |   8 |  938.2 |
       Dungeon |   7410 |   6520 |    890 |   1243 |   3368 |   7 | 1058.6 |
        Temple |     96 |     96 |      0 |      0 |     56 |   1 |   96.0 |
               +--------+--------+--------+--------+--------+-----+--------+

Top non-repeatable levels by time:
     D:2: 1560 daAuts
     D:1: 1323 daAuts
     D:4: 1294 daAuts
     D:5: 1107 daAuts
     D:3: 982 daAuts
     D:7: 573 daAuts
     D:6: 568 daAuts
  Temple: 96 daAuts
